[Event "FIDE Candidates 2020"]
[White "Vachier-Lagrave,Maxime"]
[Black "Alekseenko,Kirill"]
[Site "Yekaterinburg"]
[Round "12.3"]
[Annotator "ChessBase"]
[Result "1-0"]
[Date "2021.04.24"]
[WhiteElo "2758"]
[BlackElo "2696"]
[PlyCount "89"]
[TimeControl "60"]

1. e4 c6 2. d4 d5 3. f3 dxe4 4. fxe4 e5 5. Nf3 Bg4 6. c3 Nf6 7. Bc4 Qc7 8. dxe5 Bxf3 9. Qxf3 Qxe5 10. Bf4 Qh5 11. Nd2 Nbd7 12. 0-0-0 Nb6 13. Bb3 Be7 14. Rhg1 Qxf3 15. gxf3 g6 16. Nc4 Nxc4 17. Bxc4 b5 18. Bb3 Nd7 19. Bxf7+ Kxf7 20. Rxd7 Ke6 21. Rc7 Rhc8 22. Rxc8 Rxc8 23. Be3 a5 24. Kd2 a4 25. f4 Rd8+ 26. Ke2 Rf8 27. Kf3 Rd8 28. Rc1 c5 29. c4 b4 30. Ke2 Rd7 31. Rd1 Rxd1 32. Kxd1 Bf8 33. Kc2 Be7 34. b3 a3 35. Kd3 Bf8 36. Bf2 Be7 37. Ke3 Bd8 38. Kf3 Be7 39. Kg4 h5+ 40. Kf3 Bf8 41. Bh4 Bd6 42. e5 Bc7 43. Ke4 Ba5 44. Bg5 Bb6 45. Bh6 1-0